Map: Golden Wall LE

Players

Cuddlebear

  • Race: Terran Terran
  • League: Master
  • Spawn Location: 7:00

Neeb - Winner!

  • Race: Protoss Protoss
  • League: Master
  • Spawn Location: 5:00

Event: DreamHack SC2 Masters 2020 Fall

VOD

Have the link to the VOD?

Description

Time

  • Played on: Sept. 4, 2020, 3:42 p.m.
  • Length: 4:01

All games in this series

Show
View Real Time Build Order
Export as new Build Order

Cuddlebear Terran 

Build Orders:  

Get SALT Encoding   

  12  0:00  SCV  
  13  0:12  SCV  
  14  0:17  Supply Depot  
  14  0:24  SCV  
  15  0:40  Barracks  
  15  0:52  Supply Depot  
  15  0:59  Barracks  
  15  1:13  Barracks  
  15  1:23  SCV  
  16  1:27  Marine  
  17  1:35  Orbital Command  
  17  1:45  Marine  
  18  1:50  Engineering Bay  
  18  1:56  Marine  
  18  1:59  Marine  
  21  2:01  SCV  
  21  2:03  Marine  
  22  2:13  Marine  
  23  2:17  Marine  
  23  2:20  Supply Depot  
  23  2:21  Marine  
  25  2:25  SCV  
  26  2:31  Marine  
  26  2:35  Marine  
  28  2:38  Marine  
  29  2:49  Marine  
  29  2:53  Marine  
  29  2:56  Marine  
  31  3:07  Marine  
  31  3:11  Marine  
  33  3:14  Marine  
  34  3:25  Marine  
  33  3:28  Marine  
  33  3:32  Marine  
  29  3:42  Marine  
Show
View Real Time Build Order
Export as new Build Order

Neeb Protoss - Winner!

Build Orders: 1 Gate Expand 

Get SALT Encoding   

  12  0:00  Probe  
  13  0:12  Probe  
  14  0:20  Pylon  
  14  0:24  Probe  
  15  0:38  Gateway, Probe (Chrono Boost)  
  16  0:43  Assimilator  
  16  0:48  Probe (Chrono Boost)  
  17  0:54  Probe  
  18  1:06  Probe  
  19  1:18  Probe  
  19  1:24  Cybernetics Core  
  20  1:33  Nexus  
  20  1:40  Pylon  
  20  1:43  Probe  
  21  1:51  Assimilator  
  21  1:55  Probe  
  21  1:58  Adept (Chrono Boost)  
  24  2:07  Probe (Chrono Boost)  
  25  2:17  Probe (Chrono Boost)  
  25  2:21  Adept  
  25  2:22  Probe (Chrono Boost)  
  29  2:30  Stargate  
  29  2:34  Probe  
  29  2:36  Pylon  
  30  2:45  Shield Battery  
  30  2:52  Stalker  
  30  2:57  Shield Battery  
  32  3:00  Probe  
  32  3:02  Probe  
  34  3:20  Void Ray (Chrono Boost)  
  34  3:22  Stalker  
  34  3:24  Shield Battery  
  36  3:29  Shield Battery  
  40  3:49  Pylon  

Tags
 
Add a new tag
Caveats
  • Supply blocks, unpowered buildings, or Contaminate may cause inaccurate times.
  • Supply counts are checked every 10 seconds.